 Dungeon Crawl Stone Soup version 0.30.1-3-gfc49f6343a (webtiles) character file.

Game seed: 6830039448092859779

712386 cdecastro the Acrobat (level 27, -8/201 (228) HPs)
             Began as a Djinni Ice Elementalist on July 18, 2023.
             Was an Elder of Ashenzari.
             Killed from afar by a hellion (22 damage)
             ... with damnation
             ... on level 7 of Gehenna on July 19, 2023.
             The game lasted 08:14:03 (80202 turns).

cdecastro the Acrobat (Djinni Ice Elementalist)    Turns: 80202, Time: 08:14:04

HP:   -8/201 (228)  AC: 15    Str: 18    XL:     27
Gold: 793           EV: 31    Int: 50    God:    Ashenzari [****..] SH: 17 Dex: 20

rFire   + + +        u - +8 mace of Lucs {protect, Fragile Will+ Int+9}
rCold   + . .        s - +0 kite shield of the Fated Adversity {reflect, Self, Fort} (curse)
rNeg    + + .        j - +1 troll leather armour "At What Cost Knowledge?" {Regen+ Str+5 Int+6, Fort, Self} (curse)
rPois   ∞            S - +2 hat "Sorrow of Ashenzari" {rN+ rCorr Str+2 Int+3, Cun, Self} (curse)
rElec   +            P - scarf of the Ruined Planets {rC+ rF+, Cun, Evo} (curse)
rCorr   +            k - +2 pair of gloves "Tethered Dismay" {Dex+3, Self, Melee} (curse)
SInv    +            (boots unavailable)
Will    +++..        T - amulet of Supernal Knowledge {Regen+, Self, Fort} (curse)
Stlth   ++++++       a - ring "Wialabb" {rElec rPois Int+6 Slay+3}
HPRegen 2.13/turn    V - ring of Intoeh {rF+ rC+ rN+ SInv}
MPRegen 0.00/turn

%: reflection, clarity, infuse magic (-9 HP)
@: flying, heavily drained, unable to read
A: sickness immunity, fire resistance 2, cold vulnerability 1, float, innate
caster, HP casting, extra vitality 1, strong 1, wild magic 1, inability to drink
after injury 1
}: 5/15 runes: serpentine, barnacled, slimy, silver, abyssal
a: Renounce Religion, Curse Item, Shatter the Chains


You were on level 7 of Gehenna.
You worshipped Ashenzari.
Ashenzari was greatly pleased with you.
You visited 14 branches of the dungeon, and saw 64 of its levels.
You visited the Abyss 1 time.
You visited 1 bazaar.
You also visited: Ossuary, Gauntlet and Wizlab.

You collected 6845 gold pieces.
You spent 6052 gold pieces at shops.

Inventory:

Hand Weapons
 u - the +8 mace of Lucs (weapon) {protect, Fragile Will+ Int+9}
   (You bought it in a shop on level 4 of the Snake Pit)

   Int:       It affects your intelligence (+9).
   Fragile:   It will be destroyed if unequipped.
   Will:      It increases your willpower.
Armour
 j - the cursed +1 troll leather armour "At What Cost Knowledge?" (worn) {Regen+ Str+5 Int+6, Fort, Self}
   (You bought it in a shop on level 2 of the Depths)

   Str:       It affects your strength (+5).
   Int:       It affects your intelligence (+6).
   Regen:     It increases your rate of health regeneration.
   It has a curse which improves the following skills: Fortitude: Armour and
   Shields.
   Introspection: Fighting and Spellcasting.
 k - the cursed +2 pair of gloves "Tethered Dismay" (worn) {Dex+3, Self, Melee}
   (You found it on level 3 of the Elven Halls)

   It has a curse which improves the following skills: Introspection: Fighting
   and Spellcasting.
   Melee Combat: Short Blades, Long Blades, Axes, Maces & Flails, Polearms,
   Staves and Unarmed Combat.
 s - the cursed +0 kite shield of the Fated Adversity (worn) {reflect, Self, Fort}
   (You took it off a naga warrior on level 2 of the Snake Pit)

   It has a curse which improves the following skills: Introspection: Fighting
   and Spellcasting.
   Fortitude: Armour and Shields.
 P - the cursed scarf of the Ruined Planets (worn) {rC+ rF+, Cun, Evo}
   (You found it on level 5 of the Vaults)

   It has a curse which improves the following skills: Cunning: Dodging and
   Stealth.
   Evocations: Evocations.
 S - the cursed +2 hat "Sorrow of Ashenzari" (worn) {rN+ rCorr Str+2 Int+3, Cun, Self}
   (You found it in a Gauntlet)

   Str:       It affects your strength (+2).
   Int:       It affects your intelligence (+3).
   rN:        It protects you from negative energy.
   rCorr:     It protects you from acid and corrosion.
   It has a curse which improves the following skills: Cunning: Dodging and
   Stealth.
   Introspection: Fighting and Spellcasting.
Jewellery
 a - the ring "Wialabb" (left hand) {rElec rPois Int+6 Slay+3}
   (You took it off an ironbound preserver on level 5 of the Vaults)

   [ring of intelligence]

   Int:       It affects your intelligence (+6).
   Slay:      It affects your accuracy & damage with ranged weapons and melee
   (+3).
   rElec:     It insulates you from electricity.
   rPois:     It protects you from poison.
 h - the ring "Fyung" {rC+ MP+9 Int+3}
   (You acquired it on level 2 of the Orcish Mines)

   [ring of protection from cold]

   Int:       It affects your intelligence (+3).
   rC:        It protects you from cold.
   MP:        It affects your magic capacity (+9).
 F - the ring "Egoohaw" {Int+6 Dex+7}
   (You found it on level 4 of the Shoals)

   [ring of intelligence]

   Int:       It affects your intelligence (+6).
   Dex:       It affects your dexterity (+7).
 O - the ring "Zoynykkyily" {Fire Will+}
   (You found it on level 5 of the Pits of Slime)

   [ring of fire]

   It enhances your fire magic.
   rF:        It protects you from fire.
   rC:        It makes you vulnerable to cold.
   Will:      It increases your willpower.
 T - the cursed amulet of Supernal Knowledge (around neck) {Regen+, Self, Fort}
   (You found it on level 4 of the Snake Pit)

   [amulet of regeneration]

   Regen:     It increases your rate of health regeneration.
   It has a curse which improves the following skills: Introspection: Fighting
   and Spellcasting.
   Fortitude: Armour and Shields.
 V - the ring of Intoeh (right hand) {rF+ rC+ rN+ SInv}
   (You took it off a deep elf master archer on level 3 of the Elven Halls)

   [ring of see invisible]

   rF:        It protects you from fire.
   rC:        It protects you from cold.
   rN:        It protects you from negative energy.
   SInv:      It lets you see invisible.
Wands
 d - a wand of paralysis (81)
 y - a wand of digging (7)
 B - a wand of light (49)
 I - a wand of flame (144) (quivered)
 L - a wand of polymorph (32)
 Y - a wand of mindburst (73)
 Z - a wand of iceblast (73)
Scrolls
 c - 6 scrolls of torment
 e - 10 scrolls of poison
 f - 2 scrolls of vulnerability
 i - 9 scrolls of teleportation
 l - 11 scrolls of blinking
 o - 16 scrolls of fear
 t - 6 scrolls of silence
 z - 16 scrolls of fog
 A - 11 scrolls of immolation
 G - 7 scrolls of butterflies
 W - 15 scrolls of magic mapping
Potions
 b - 15 potions of mutation
 m - 16 potions of brilliance
 p - 8 potions of haste
 w - 10 potions of attraction
 x - 27 potions of curing
 C - 6 potions of cancellation
 D - 9 potions of berserk rage
 E - 4 potions of invisibility
 K - 6 potions of resistance
 M - 8 potions of might
 N - 12 potions of lignification
 X - 9 potions of heal wounds
Miscellaneous
 g - a phantom mirror
 r - a box of beasts
 v - a phial of floods
 U - a lightning rod (4/4)


   Skills:
 - Level 22.4(27) Fighting
 - Level 21.8(25.0) Armour
 + Level 23.7(26.0) Dodging
 - Level 12.3(15.0) Stealth
 - Level 17.6(21.0) Shields
 - Level 7.7(9.6) Unarmed Combat
 - Level 22.4(27) Spellcasting
 - Level 15.0(16.7) Evocations


You knew the following spells:

 Your Spells              Type           Power      Damage    Failure   Level
a - Freeze                Ice            100%       1d10      1%          1
b - Frozen Ramparts       Ice            100%       1d16      1%          3
c - Ozocubu's Armour      Ice            100%       N/A       1%          3
d - Summon Ice Beast      Ice/Summ       100%       N/A       1%          4
e - Beastly Appendage     Tmut           100%       N/A       1%          1
f - Passwall              Tmut/Erth      100%       N/A       1%          2
g - Tukima's Dance        Hex            100%       N/A       1%          3
h - Gell's Gravitas       Tloc           100%       N/A       1%          3
i - Sticky Flame          Conj/Fire      100%       2d11      1%          4
j - Summon Forest         Summ/Tloc      82%        N/A       1%          5
k - Starburst             Conj/Fire      82%        6d21      1%          6
l - Storm Form            Tmut/Air       82%        N/A       1%          7
m - Malign Gateway        Summ/Tloc      82%        N/A       1%          7
n - Dragon Form           Tmut           82%        N/A       1%          7
o - Enfeeble              Hex            82%        N/A       1%          7
p - Lehudib's Crystal Sp  Conj/Erth      82%        10d18     1%          8
q - Fire Storm            Conj/Fire      82%        8d21      1%          9
Your spell library was empty.

Dungeon Overview and Level Annotations

Branches:
Dungeon (15/15)            Temple (1/1) D:7            Lair (5/5) D:11
 Shoals (4/4) Lair:2        Snake (4/4) Lair:2        Slime (5/5) Lair:5
    Orc (2/2) D:12            Elf (3/3) Orc:2        Vaults (5/5) D:13
  Crypt (3/3) Vaults:3       Tomb (0/3) Crypt:3      Depths (4/4) D:15
   Hell (visited)             Dis (0/7) Hell            Geh (7/7) Hell
    Coc (0/7) Hell            Tar (0/7) Hell            Zot (5/5) Depths:4
Ossuary (visited)          WizLab (visited)         Gauntlet (visited)

Altars:
Ashenzari
Cheibriados
Dithmenos
Elyvilon
Fedhas
Gozag
Hepliaklqana
Makhleb
Nemelex Xobeh
Okawaru
Qazlal
Ru
Trog
Uskayaw
Wu Jian
Xom
Yredelemnul
Zin
The Shining One
Jiyva

Shops:
D:3 *   D:5 *   D:7 ::[(   D:14 *   Orc:1 =   Orc:2 *:*[[(*?!   Elf:1 *
Elf:2 *[[   Elf:3 !   Shoals:4 *   Snake:1 (   Snake:4 *=   Vaults:2 :
Vaults:4 [   Vaults:5 (   Depths:2 :*[

Portals:
Hell: Depths:1 Depths:2 Depths:3 Depths:4
Abyss: Depths:3 Depths:4
Pandemonium: Depths:2 Depths:3
Ziggurat: Depths:4

Annotations:
Depths:2 2 transporters


Innate Abilities, Weirdness & Mutations

You are immune to sickness and miasma.
You are immune to poison.
Your flesh is very heat resistant. (rF++)
You are vulnerable to cold. (rC-)
You float through the air rather than walking.
You learn spells naturally, not from books.
Your magical power is your life essence.
You have superior vitality. (+4 MHP)
Your muscles are strong. (Str +4, Int/Dex -1)
Your spells are a little harder to cast, but a little more powerful.
You occasionally lose the ability to drink potions when taking damage.


Message History

You kill the hellephant!
A fire giant comes into view.
It is wielding a +0 great sword of flaming.
The hellephant breathes flames at you. The blast of flame misses you.
Casting: Lehudib's Crystal Spear (mildly dangerous; 1% risk of failure)
Confirm with . or Enter, or press ? or * to list all spells.
Aiming: Lehudib's Crystal Spear (mildly dangerous; 1% risk of failure)
Press: ? - help, Shift-Dir - straight line, f - hellephant
Aim: a hellephant (85% to hit)
The crystal spear hits the hellephant!!!
The hellephant is moderately wounded.
The fire giant gestures at you while chanting.
The bolt of fire hits you! You resist.
Casting: Lehudib's Crystal Spear (mildly dangerous; 1% risk of failure)
Confirm with . or Enter, or press ? or * to list all spells.
Aiming: Lehudib's Crystal Spear (mildly dangerous; 1% risk of failure)
Press: ? - help, Shift-Dir - straight line, f - hellion, p - hellephant
Aim: a hellion (85% to hit)
The crystal spear hits the searing wretch!!!!
The searing wretch is severely damaged.
* * * LOW HITPOINT WARNING * * *
The hellion gestures at you.
The sphere of damnation explodes!
The damnation engulfs you!!!
* * * LOW HITPOINT WARNING * * *
The hellephant blinks!
Unknown command.
Casting: Lehudib's Crystal Spear (mildly dangerous; 1% risk of failure)
Confirm with . or Enter, or press ? or * to list all spells.
Aiming: Lehudib's Crystal Spear (mildly dangerous; 1% risk of failure)
Press: ? - help, Shift-Dir - straight line, f/p - hellion
Aim: a hellion (85% to hit)
The crystal spear hits the searing wretch!!!!
You destroy the searing wretch!
* * * LOW HITPOINT WARNING * * *
The hellion gestures at you.
The sphere of damnation explodes!
The damnation engulfs you!!
* * * LOW HITPOINT WARNING * * *
The hellion gestures at you.
The sphere of damnation explodes!
The damnation engulfs you!!
You die...

* ###### , ###* ##....# *
#... ######....### ,,
,.##2.Y##.##@.......###### ,
..........#†............### ,
,....n...§{...........#....##
..........2................#
,
,......§§§§.Y..............##
, ,
Y§≈§§≈§≈≈.≈..§§§............
≈≈≈§§≈≈§§≈≈≈≈§§§............
,,
≈≈§§§≈≈≈§§≈≈≈§§.§≈§§........
≈≈≈§§§§≈§§§§≈§§≈≈≈.§≈≈......


You could see a hellephant and a hellion.

Vanquished Creatures
  the Royal Jelly (Slime:5)
  3 dread liches
  8 ancient liches
  4 orbs of fire
  Parghit (Zot:4)
  2 Killer Klowns (Zot:5)
  3 curse toes
  Geryon (Hell)
  7 golden dragons
  A bone dragon (Abyss:3)
  6 Brimstone Fiends
  12 hellephants
  5 electric golems
  3 liches (Crypt:3)
  Rupert (Lair:4)
  17 tentacled monstrosities
  5 titans
  25 Orb Guardians (Zot:5)
  8 quicksilver dragons
  2 deep elf blademasters (Elf:3)
  The ghost of Taurus the Peltast, an adept MiFi of the Shining One (Elf:3)
  21 acid blobs
  4 sphinxes
  6 tentacled starspawn
  A deep elf master archer (Elf:3)
  15 searing wretches
  9 death cobs
  Gastronok (Lair:3)
  5 krakens
  Polyphemus (Shoals:4)
  10 ancient champions
  14 storm dragons
  15 shadow dragons
  A thorn hunter (Abyss:3)
  7 tengu reavers (Vaults:5)
  8 rockslimes
  8 draconian monks
  Roxanne (D:14)
  4 revenants
  12 vault wardens
  5 draconian knights
  2 nagarajas
  3 draconian scorchers
  9 azure jellies
  4 deep elf sorcerers
  3 frost giants
  26 fire giants
  2 iron dragons
  Aizul (Depths:2)
  3 ghost moths
  2 curse skulls
  7 draconian shifters
  8 ghouls
  4 draconian stormcallers
  16 balrugs
  3 orc warlords
  13 very ugly things
  6 draconian annihilators
  19 ironbound preservers
  A cacodemon (Hell)
  A spriggan defender (Depths:2)
  4 reapers
  A caustic shrike skeleton (Crypt:2)
  3 quicksilver oozes
  4 deep elf elementalists (Elf:3)
  9 stone giants
  5 war gargoyles
  9 green draconians
  5 vampire knights
  12 ironbound thunderhulks
  A lorocyproca (Hell)
  7 deep elf demonologists
  2 demonspawn black suns (Zot:3)
  9 black draconians
  12 yellow draconians
  3 deep elf annihilators
  17 red draconians
  10 white draconians
  5 dire elephants
  14 starcursed masses
  6 purple draconians
  8 spark wasps
  6 deep elf death magi
  4 eidola
  Snorg (Lair:4)
  8 fire dragons
  A blizzard demon (Hell)
  6 deep elf high priests
  5 crystal guardians
  6 ettins
  17 yaktaur captains
  Josephine (D:13)
  8 jiangshi
  7 entropy weavers
  An acid blob zombie (Crypt:2)
  5 merfolk javelineers
  27 vault guards
  13 great orbs of eyes
  5 rakshasas
  2 kraken zombies (Hell)
  Fannar (D:10)
  A merfolk impaler (Shoals:3)
  7 salamander tyrants
  5 peacekeepers
  5 hydras
  A spriggan air mage (Depths:1)
  An alligator snapping turtle (Shoals:2)
  2 ogre magi
  A merfolk aquamancer (Shoals:2)
  A catoblepas (Shoals:4)
  2 merfolk avatars
  6 ice dragons
  9 anacondas
  12 dancing weapons
  6 ironbound frosthearts
  9 stokers
  3 two-headed ogres
  A death yak (Shoals:4)
  3 deep troll shamans
  2 alligators (shapeshifter)
  4 boulder beetles
  13 centaur warriors
  3 satyrs
  44 hell hogs
  6 vampire magi
  11 naga warriors
  5 tengu warriors
  3 spriggan berserkers
  7 naga sharpshooters
  A quicksilver ooze zombie (Crypt:3)
  14 shock serpents
  A spriggan (Depths:3)
  3 thrashing horrors (Abyss:3)
  3 titan zombies
  3 soul eaters
  A deep troll earth mage (Depths:3)
  7 hell knights
  10 deep elf knights
  3 skysharks
  A titan skeleton (Crypt:2)
  2 sixfirhies (Hell)
  3 salamander mystics (Snake:4)
  2 shadow wraiths
  A skyshark (shapeshifter) (Vaults:5)
  An iron troll (Depths:3)
  11 skeletal warriors
  31 deep trolls
  13 sun demons
  4 wretched stars (Abyss:3)
  2 anaconda zombies (Hell)
  A glowing orange brain (Depths:4)
  12 sea snakes
  6 flayed ghosts
  A bunyip zombie (Crypt:2)
  A death drake (shapeshifter) (Vaults:4)
  4 bog bodies (Crypt:3)
  4 naga ritualists
  6 deep elf archers
  19 ironbound convokers
  5 phantasmal warriors
  15 deep elf pyromancers
  8 wizards
  2 shadow dragon zombies (Depths:1)
  A steelbarb worm (shapeshifter) (Vaults:5)
  8 necromancers
  5 mana vipers
  11 lindwurms
  17 harpies
  15 deep elf zephyrmancers
  A mana viper (shapeshifter) (Elf:3)
  14 fauns
  8 cyclopes
  4 orc sorcerers
  10 shining eyes
  26 ugly things
  A stone giant zombie (Crypt:2)
  2 worldbinders (Abyss:3)
  15 manticores
  Maurice (D:10)
  11 guardian serpents
  14 salamanders
  36 moths of wrath
  7 merfolk sirens
  A stone giant skeleton (Crypt:1)
  25 black mambas
  A goliath frog skeleton (Crypt:1)
  An eye of devastation (Slime:1)
  2 apocalypse crabs (Abyss:3)
  13 naga magi
  5 water nymphs
  A titan simulacrum (Crypt:2)
  5 rust devils (Hell)
  An orange demon (Hell)
  9 cane toads
  2 dire elephant skeletons
  4 molten gargoyles
  8 smoke demons
  24 vault sentinels
  12 gargoyles
  A black draconian zombie (Crypt:3)
  3 centaur skeletons
  6 freezing wraiths
  14 hellions
  A rime drake (Lair:5)
  5 komodo dragons
  A pale draconian zombie (Crypt:3)
  A kobold demonologist (D:8)
  2 sea snake zombies (Hell)
  An anaconda simulacrum (Hell)
  17 yaktaurs
  A bunyip simulacrum (Crypt:1)
  5 tormentors
  2 efreet
  An iron troll skeleton (Crypt:3)
  A guardian mummy (Crypt:3)
  9 merfolk
  A red devil (Hell)
  A sea snake skeleton (Hell)
  3 ancient zymes (Abyss:3)
  A hydra zombie (Hell)
  A tengu simulacrum (Depths:1)
  A hellwing (Abyss:3)
  2 tengu conjurers
  8 trolls
  5 hornets
  2 meliai (D:14)
  Grinder (D:3)
  A troll (shapeshifter) (Elf:3)
  A harpy skeleton (Crypt:2)
  A wolf spider simulacrum (D:15)
  7 raiju
  A guardian serpent zombie (Crypt:1)
  5 blink frogs
  An ettin zombie (Crypt:1)
  2 tyrant leeches (Depths:4)
  6 wind drakes
  7 dream sheep
  8 snapping turtles
  A fire dragon zombie (Crypt:2)
  92 slime creatures
  A ynoxinul (Abyss:3)
  3 air elementals
  A slime creature (shapeshifter) (Depths:4)
  An alligator skeleton (Hell)
  10 large abominations
  3 flying skulls
  Sigmund (D:3)
  3 shadows
  10 water elementals
  A wyvern (Lair:5)
  2 vampires
  A golden eye (shapeshifter) (Elf:3)
  5 wraiths
  A basilisk (shapeshifter) (Elf:3)
  22 yaks
  27 fire elementals
  3 golden eyes
  A chaos spawn (Abyss:3)
  3 fire bats (Gauntlet)
  3 hogs (D:10)
  6 redbacks (Vaults:2)
  A basilisk (Lair:5)
  2 humans
  5 steam dragons
  8 vampire mosquitoes
  A neqoxec (Abyss:3)
  A warg (Vaults:5)
  2 acid dragons
  26 nagas
  9 water moccasins
  A naga zombie (Crypt:2)
  A faun skeleton (Crypt:3)
  10 hell hounds
  A floating eye (Depths:2)
  8 orc warriors
  An alligator simulacrum (Hell)
  2 black bears
  2 meliai simulacra (D:15)
  A swamp dragon zombie (Crypt:3)
  5 small abominations
  5 ogres
  9 boggarts
  4 centaurs
  4 phantoms
  2 kobold brigands
  10 bullfrogs
  2 necrophages (Crypt:3)
  4 earth elementals
  2 gnoll sergeants
  A cyclops zombie (Crypt:2)
  A scorpion (D:5)
  2 wights (D:10)
  A water moccasin skeleton (Crypt:2)
  A swamp dragon simulacrum (Crypt:2)
  22 killer bees
  3 howler monkeys
  5 electric eels
  2 lava snakes (Lair:5)
  3 quasits
  A human zombie (Crypt:2)
  5 orc priests
  A hound (D:6)
  2 jellies
  A gnoll bouda (D:6)
  12 orc wizards
  2 lightning spires (WizLab)
  5 hell rats (Hell)
  4 ogre zombies (D:12)
  A naga skeleton (Crypt:2)
  An acid dragon skeleton (Crypt:1)
  A hound zombie (Crypt:1)
  13 mummies
  10 adders
  14 gnolls
  A white imp (Abyss:2)
  An ufetubus (D:5)
  An adder skeleton (Crypt:1)
  2 worms
  2 dart slugs (D:4)
  41 orcs
  2 spectral bats (Ossuary)
  7 bats
  A bat skeleton (Crypt:1)
  4 endoplasms
  A giant cockroach (D:1)
  11 gnoll zombies (Ossuary)
  4 hobgoblins
  6 jackals
  5 quokkas
  9 ball pythons
  A frilled lizard (D:2)
  5 goblins
  A goblin skeleton (D:12)
  9 goblin zombies
  2 hobgoblin skeletons (D:12)
  5 hobgoblin zombies
  A jackal skeleton (Crypt:2)
  14 kobolds
  6 kobold zombies (Ossuary)
  2 orc skeletons (D:12)
  9 orc zombies
  3 rats
  6 spectral goblins (Ossuary)
  4 spectral kobolds (Ossuary)
  6 spectral rats (Ossuary)
  4 creeping infernos
  26 fire vortices
  A lurking horror (Abyss:3)
  4 snaplasher vines
  2 starspawn tentacles (Abyss:3)
  5 tentacles
2157 creatures vanquished.

Vanquished Creatures (collateral kills)
  An orb of fire (Zot:3)
  The ghost of Oluguuw the Slayer, a veteran MiGl of Okawaru (Elf:2)
  Frederick (Vaults:4)
  Margery (Crypt:3)
  A golden dragon (Depths:4)
  Nikola (Shoals:4)
  3 tentacled monstrosities
  A lich (Depths:4)
  A deep elf master archer (Elf:3)
  An ancient champion (Crypt:1)
  2 revenants
  A storm dragon (Depths:2)
  An azure jelly (Slime:5)
  2 draconian monks
  6 fire giants
  A deep elf sorcerer (Elf:3)
  4 frost giants
  A draconian shifter (Zot:4)
  2 ghouls
  A ghost moth (Zot:2)
  A draconian annihilator (Zot:4)
  3 deep elf elementalists (Elf:3)
  A quicksilver ooze (Gauntlet)
  7 ironbound preservers
  An ironbound thunderhulk (Vaults:1)
  3 stone giants
  4 very ugly things
  A black draconian (Zot:4)
  A minotaur (Gauntlet)
  A deep elf demonologist (Elf:3)
  2 deep elf annihilators
  Azrael (D:13)
  5 dire elephants
  2 merfolk javelineers (Shoals:4)
  2 deep elf death magi (Elf:3)
  An eidolon (Crypt:2)
  2 merfolk impalers (Shoals:4)
  7 jiangshi
  5 ettins
  2 deep elf high priests
  3 fire dragons
  A yaktaur captain (Vaults:4)
  A peacekeeper (WizLab)
  A great orb of eyes (Vaults:3)
  2 hydras (Lair:5)
  2 ice dragons (Depths:3)
  2 rakshasas
  A vault guard (Vaults:5)
  3 spriggan air magi (Depths:3)
  Erica (D:10)
  6 ogre magi
  A merfolk avatar (Shoals:2)
  4 anacondas
  3 centaur warriors
  2 ironbound frosthearts
  2 boulder beetles
  2 death knights (Crypt:1)
  A death yak (Shoals:4)
  14 dancing weapons
  5 naga warriors
  A satyr (Shoals:3)
  9 two-headed ogres
  6 tengu warriors
  3 vampire magi
  2 merfolk aquamancers (Shoals:4)
  3 deep troll shamans
  A deep troll earth mage (Depths:4)
  3 spriggan berserkers
  2 shock serpents
  4 hell hogs (Depths:1)
  2 naga sharpshooters
  4 hell knights
  A skyshark (Lair:2)
  7 deep elf knights
  2 salamander mystics
  4 skeletal warriors
  4 sea snakes
  An orb spider (shapeshifter) (Shoals:4)
  A bog body (Crypt:2)
  21 deep trolls
  4 deep elf archers
  2 glowing orange brains
  A naga ritualist (Snake:2)
  2 ironbound convokers
  3 wizards (Vaults:3)
  3 necromancers
  7 lindwurms
  3 phantasmal warriors
  A steelbarb worm (shapeshifter) (Depths:4)
  5 harpies
  7 orc knights
  9 deep elf zephyrmancers
  4 orc sorcerers
  An iron dragon zombie (Crypt:3)
  6 salamanders
  7 manticores
  11 deep elf pyromancers
  2 cyclopes
  5 fauns (Shoals:3)
  2 mana vipers
  5 ugly things
  4 oklob plants
  A merfolk siren (Shoals:4)
  A guardian serpent (Snake:1)
  6 naga magi
  2 molten gargoyles (Lair:5)
  14 black mambas
  An apocalypse crab (Abyss:3)
  A hellion (Depths:1)
  4 cane toads
  2 efreet (D:15)
  2 kobold demonologists (D:8)
  3 yaktaurs (Vaults:3)
  9 komodo dragons
  A tengu conjurer (Depths:4)
  A queen bee (D:14)
  11 merfolk
  2 polar bears
  2 tyrant leeches (Depths:4)
  3 wind drakes
  A meliai (D:14)
  5 trolls (Orc:2)
  5 hornets
  6 blink frogs
  2 snapping turtles
  5 dream sheep
  A flying skull (Crypt:3)
  A slime creature (shapeshifter) (Elf:2)
  2 spriggans (Depths:2)
  7 slime creatures
  5 wraiths
  5 wyverns
  28 yaks
  2 water elementals
  A hog (D:10)
  4 basilisks
  3 fire elementals
  3 vampire mosquitoes
  2 wargs
  6 nagas
  3 acid dragons
  A floating eye (Orc:1)
  3 hell hounds (Lair:5)
  3 water moccasins
  8 orc warriors
  A black bear (D:7)
  16 ogres
  2 centaurs
  A phantom (D:12)
  2 kobold brigands (D:8)
  3 earth elementals
  A necrophage (Crypt:2)
  5 bullfrogs
  A gnoll sergeant (D:11)
  A scorpion (Lair:3)
  A troll zombie (D:12)
  5 wights
  7 killer bees
  2 electric eels (Snake:1)
  3 lava snakes (Lair:5)
  A gnoll bouda (D:7)
  5 orc priests
  8 orc wizards
  2 hell rats (Hell)
  An ogre zombie (D:12)
  A tengu zombie (Crypt:3)
  A deep dwarf skeleton (Crypt:1)
  3 gnolls
  An adder (D:6)
  18 orcs
  4 kobolds (D:8)
  A gnoll zombie (Crypt:1)
  A hobgoblin zombie (D:12)
  An orc skeleton (D:12)
  2 orc zombies (D:12)
  2 butterflies (Lair:4)
598 creatures vanquished.

Vanquished Creatures (others)
  74 eldritch tentacles
  A green draconian (Zot:3)
  A death yak (Shoals:4)
  2 deep elf zephyrmancers
  A molten gargoyle (Lair:5)
  A blink frog (Lair:2)
  7 dancing weapons
  A hell hound (D:13)
  4 creeping infernos
  153 fire vortices
  39 snaplasher vines
  2 starspawn tentacles (Abyss:2)
  27 tentacles
313 creatures vanquished.

Grand Total: 3068 creatures vanquished

Notes
Turn   | Place    | Note
-------+----------+-------------------------------------------
     0 | D:1      | cdecastro the Djinni Ice Elementalist began the quest for
                  | the Orb.
     0 | D:1      | cdecastro set off with the following spells memorised:
                  | Freeze, Frozen Ramparts, Ozocubu's Armour, Summon Ice
                  | Beast.
     0 | D:1      | Reached XP level 1. HP: 15/15 MP: 0/0
   175 | D:1      | Reached XP level 2. HP: 14/22 MP: 0/0
   554 | D:1      | Reached skill level 1 in Fighting
   891 | D:2      | Reached XP level 3. HP: 20/27 MP: 0/0
   891 | D:2      | Learned a level 1 spell: Beastly Appendage
  1442 | D:2      | Reached XP level 4. HP: 26/32 MP: 0/0
  1594 | D:2      | Found the +7 Kryia's mail coat {PotionHeal*2 rC+}
  1602 | D:2      | Identified the +5 plate armour "Obock" {Will++}
  2110 | D:3      | Noticed Grinder
  2152 | D:3      | Noticed an ogre
  2166 | D:3      | Noticed Sigmund
  2370 | D:4      | Identified the ring "Befrilut" {rPois SInv Stlth+}
  2420 | D:4      | Reached XP level 5. HP: 36/38 MP: 0/0
  2420 | D:4      | Learned a level 2 spell: Passwall
  2437 | D:4      | Noticed a phantom
  2604 | D:3      | Killed Sigmund
  2605 | D:3      | Reached skill level 5 in Spellcasting
  2605 | D:3      | Reached XP level 6. HP: 35/46 MP: 0/0
  2777 | D:3      | Found Nonuebby's Assorted Antiques.
  2788 | D:3      | Bought a ruby potion for 26 gold pieces
  2788 | D:3      | Bought a glowing blue potion for 26 gold pieces
  2788 | D:3      | Bought a smoky puce potion for 26 gold pieces
  2788 | D:3      | Bought a scroll labelled WANIMI FISKA for 29 gold pieces
  2788 | D:3      | Bought a scroll labelled KUURIUF DIPY for 29 gold pieces
  2788 | D:3      | Bought a scroll labelled QIR FINEASUT for 29 gold pieces
  3352 | D:5      | Entered Level 5 of the Dungeon
  3364 | D:5      | Reached XP level 7. HP: 40/51 MP: 0/0
  3364 | D:5      | Learned a level 3 spell: Tukima's Dance
  3446 | D:5      | Found a sand-covered staircase.
  3456 | Ossuary  | Entered an ossuary
  4569 | D:5      | Found Guts's CLEARANCE SALE!.
  4578 | D:5      | Bought a scroll of identify for 2 gold pieces
  4578 | D:5      | Bought a potion of haste for 10 gold pieces
  4578 | D:5      | Bought a phantom mirror for 40 gold pieces
  4578 | D:5      | Bought a potion of brilliance for 4 gold pieces
  4876 | D:6      | Reached XP level 8. HP: 52/58 MP: 0/0
  5435 | D:6      | Reached skill level 5 in Fighting
  6411 | D:7      | Found Ceire's Book Emporium.
  6503 | D:7      | Reached XP level 9. HP: 61/66 MP: 0/0
  6503 | D:7      | Learned a level 3 spell: Gell's Gravitas
  6585 | D:7      | Found a staircase to the Ecumenical Temple.
  6594 | Temple   | Entered the Ecumenical Temple
  6805 | Temple   | Became a worshipper of Ashenzari the Shackled
  7362 | D:7      | Found Afenn's Weapon Emporium.
  7718 | D:7      | Found Boim's Book Shoppe.
  7942 | D:7      | Found Sazxeshrug's Armour Boutique.
  8096 | D:8      | Noticed a kobold demonologist
  8103 | D:8      | Killed a kobold demonologist
  8109 | D:8      | Noticed a rust devil
  8110 | D:8      | Noticed a kobold demonologist
  8111 | D:8      | Noticed a kobold demonologist
  8116 | D:8      | Killed a kobold demonologist
  8134 | D:8      | Killed a kobold demonologist
  8135 | D:8      | Reached XP level 10. HP: 56/75 MP: 0/0
  8491 | D:3      | Bought a runed copper ring for 145 gold pieces
  8720 | D:8      | Noticed a two-headed ogre
  8853 | D:8      | Killed a two-headed ogre
  9270 | D:9      | Noticed a two-headed ogre
  9280 | D:9      | Killed a two-headed ogre
  9281 | D:9      | Reached skill level 10 in Spellcasting
  9662 | D:9      | Reached XP level 11. HP: 70/84 MP: 0/0
  9662 | D:9      | Learned a level 4 spell: Sticky Flame
 11092 | D:10     | Entered Level 10 of the Dungeon
 11410 | D:10     | Noticed Fannar
 11792 | D:11     | Noticed a manticore
 11809 | D:11     | Killed a manticore
 11810 | D:11     | Reached skill level 10 in Fighting
 11837 | D:11     | Noticed a two-headed ogre
 11848 | D:11     | Killed a two-headed ogre
 12089 | D:11     | Found a staircase to the Lair.
 12568 | D:11     | Noticed a cyclops
 12578 | D:11     | Killed a cyclops
 12579 | D:11     | Reached skill level 3 in Dodging
 12646 | D:11     | Reached skill level 4 in Dodging
 12742 | D:11     | Reached XP level 12. HP: 81/93 MP: 0/0
 12751 | D:11     | Reached skill level 5 in Dodging
 13250 | D:3      | Killed Grinder
 13348 | D:3      | Bought an ichor-stained leather armour for 203 gold pieces
 13348 | D:3      | Identified the +0 leather armour of Nydon {rElec} (You
                  | bought it in a shop on level 3 of the Dungeon)
 13460 | D:10     | Killed Fannar
 13461 | D:10     | Reached skill level 6 in Dodging
 13797 | D:10     | Reached skill level 7 in Dodging
 14165 | D:10     | Noticed Erica
 14173 | D:10     | Killed Erica
 14178 | D:10     | Reached skill level 8 in Dodging
 14387 | D:10     | Found an ornate altar of the Wu Jian Council.
 14387 | D:10     | Noticed Maurice
 14400 | D:10     | Killed Maurice
 14534 | D:12     | Noticed a two-headed ogre
 14546 | D:12     | Killed a two-headed ogre
 14651 | D:12     | Reached * piety under Ashenzari
 14651 | D:12     | Identified a scroll of acquirement
 14655 | D:12     | Acquired a manual of Fighting
 14950 | D:12     | Reached skill level 9 in Dodging
 15242 | D:12     | Found a staircase to the Orcish Mines.
 15809 | D:12     | Reached ** piety under Ashenzari
 15908 | D:13     | Noticed a tengu warrior
 15988 | D:13     | Reached skill level 1 in Armour
 16013 | D:13     | Reached XP level 13. HP: 87/103 MP: 0/0
 16013 | D:13     | Learned a level 5 spell: Summon Forest
 16128 | D:13     | Noticed a centaur warrior
 16140 | D:13     | Killed a centaur warrior
 16222 | D:13     | Noticed Azrael
 16243 | D:13     | Killed Azrael
 16387 | D:13     | Noticed an ettin
 16399 | D:13     | Killed an ettin
 16400 | D:13     | Reached skill level 5 in Armour
 16517 | D:13     | Reached *** piety under Ashenzari
 16614 | D:13     | Noticed a centaur warrior
 16629 | D:13     | Killed a centaur warrior
 16899 | D:13     | Noticed Josephine
 17041 | D:13     | Killed Josephine
 17326 | D:13     | Found a gate to the Vaults.
 17620 | D:14     | Found a gate leading to a gauntlet.
 17625 | Gauntlet | Entered a Gauntlet
 17625 | Gauntlet | Found a transporter.
 17634 | Gauntlet | Found a transporter.
 17655 | Gauntlet | Found a transporter.
 17659 | Gauntlet | Found a transporter.
 17677 | Gauntlet | Found a transporter.
 17679 | Gauntlet | Identified the +7 hand axe of Objectivity {spect, rPois rF+
                  | rN+}
 17689 | Gauntlet | Identified the +1 helmet of the Yeti {rPois}
 17690 | Gauntlet | Found a transporter.
 17700 | Gauntlet | Found a large runed translucent door.
 17701 | Gauntlet | Found a large runed translucent door.
 17701 | Gauntlet | Noticed a quicksilver ooze
 17702 | Gauntlet | Found a large runed translucent door.
 17702 | Gauntlet | Identified the +2 hat "Jemnot" {rN+ rCorr Str+2 Int+3}
 17703 | Gauntlet | Found a runed translucent gate.
 17704 | Gauntlet | Found a transporter.
 17704 | Gauntlet | Found a runed translucent gate.
 17705 | Gauntlet | Found a runed translucent gate.
 17707 | Gauntlet | Found a large runed translucent door.
 17709 | Gauntlet | Found a large runed translucent door.
 17719 | Gauntlet | Found a large runed translucent door.
 17720 | Gauntlet | Found a large runed translucent door.
 17721 | Gauntlet | Found a large runed translucent door.
 17721 | Gauntlet | Found a large runed translucent door.
 17721 | Gauntlet | Found a runed translucent door.
 17722 | Gauntlet | Found a large runed translucent door.
 17723 | Gauntlet | Found a large runed translucent door.
 17733 | Gauntlet | Found a transporter.
 17733 | Gauntlet | Found a transporter.
 17738 | Gauntlet | Found a transporter.
 17763 | Gauntlet | Found a transporter.
 17765 | Gauntlet | Found a transporter.
 17766 | Gauntlet | Found a large runed translucent door.
 17767 | Gauntlet | Found a large runed translucent door.
 17768 | Gauntlet | Found a large runed translucent door.
 17768 | Gauntlet | Found a large runed translucent door.
 17768 | Gauntlet | Found a runed translucent door.
 17769 | Gauntlet | Found a large runed translucent door.
 17797 | Gauntlet | Identified the +0 helmet of Liberalism {Fly rC+}
 18017 | Gauntlet | Killed a quicksilver ooze
 18095 | Gauntlet | Noticed a minotaur
 18103 | Gauntlet | Killed a minotaur
 18125 | Gauntlet | Identified the +1 ring mail of Vaose {rN+ Stlth+}
 18159 | D:14     | Reached XP level 14. HP: 107/120 MP: 0/0
 18270 | D:14     | Reached skill level 15 in Fighting
 18628 | D:14     | Reached skill level 10 in Armour
 18952 | D:14     | Found Ofoj's Assorted Antiques.
 18970 | D:14     | Identified Roxanne's Volume of Somewhere Else
 18970 | D:14     | Noticed Roxanne
 19545 | D:15     | Entered Level 15 of the Dungeon
 20071 | D:15     | Reached skill level 1 in Shields
 20127 | D:15     | Found a blossoming altar of Fedhas.
 20387 | D:15     | Found a staircase to the Depths.
 20468 | D:15     | Reached skill level 1 in Evocations
 21428 | Orc:1    | Entered Level 1 of the Orcish Mines
 21645 | Orc:1    | Reached XP level 15. HP: 124/129 MP: 0/0
 21645 | Orc:1    | Learned a level 6 spell: Starburst
 21866 | Orc:1    | Found Cosaygha's Jewellery Shoppe.
 21979 | Orc:1    | Reached **** piety under Ashenzari
 22114 | Orc:2    | Entered Level 2 of the Orcish Mines
 22270 | Orc:2    | Found Taruod's General Store.
 22292 | Orc:2    | Identified Sif Muna's Discourse on Ensorcelling
 22325 | Orc:2    | Reached skill level 5 in Evocations
 22367 | Orc:2    | Found Culaso's Weapon Emporium.
 22513 | Orc:2    | Found a staircase to the Elven Halls.
 22579 | Orc:2    | Found Yvellotu's Armour Emporium.
 22612 | Orc:2    | Found Bathriun's Book Shoppe.
 22649 | Orc:2    | Found Qeeboeny's General Store.
 22816 | Orc:2    | Found Vuta's Antique Armour Shoppe.
 22842 | Orc:2    | Found Ogyshrufu's Assorted Antiques.
 22849 | Orc:2    | Found Fablis's Magic Scroll Emporium.
 22990 | Orc:2    | Found Zanok's Distillery.
 22992 | Orc:2    | Bought a bloodstained leather armour for 126 gold pieces
 22992 | Orc:2    | Identified the +1 leather armour "Hilou" {Rampage} (You
                  | bought it in a shop on level 2 of the Orcish Mines)
 23243 | Orc:2    | Bought a scroll of acquirement for 728 gold pieces
 23247 | Orc:2    | Acquired the ring "Fyung" {rC+ MP+9 Int+3}
 23332 | Lair:1   | Entered Level 1 of the Lair of Beasts
 24083 | Lair:2   | Found a staircase to the Snake Pit.
 24197 | Lair:2   | Found a staircase to the Shoals.
 24823 | Lair:3   | Reached XP level 16. HP: 141/141 MP: 0/0
 24895 | Lair:3   | Noticed Gastronok
 24909 | Lair:3   | Killed Gastronok
 25604 | Lair:4   | Noticed Rupert
 25767 | Lair:4   | Reached skill level 5 in Stealth
 25868 | Lair:4   | Killed Rupert
 26305 | Lair:4   | Noticed Snorg
 26310 | Lair:4   | Killed Snorg
 26453 | Lair:5   | Entered Level 5 of the Lair of Beasts
 26503 | Lair:5   | Reached skill level 10 in Dodging
 27016 | Lair:5   | Reached skill level 11 in Dodging
 27305 | Lair:5   | Found a staircase to the Slime Pits.
 27549 | Lair:5   | Reached skill level 12 in Dodging
 27558 | Lair:5   | Found a large runed translucent door.
 27558 | Lair:5   | Found a large runed translucent door.
 28132 | Snake:1  | Entered Level 1 of the Snake Pit
 28246 | Snake:1  | Found Jupniyck's Weapon Emporium.
 28352 | Snake:1  | Reached skill level 13 in Dodging
 28479 | Snake:1  | Reached XP level 17. HP: 115/148 MP: 0/0
 28479 | Snake:1  | Learned a level 7 spell: Storm Form
 29058 | Snake:1  | Identified the cursed +0 cloak "Tethered Visionary" {Evo,
                  | Cun} (You found it on level 11 of the Dungeon)
 29058 | Snake:1  | Identified the cursed +0 pair of gloves of Desmomancy
                  | {Fort, Cun} (You found it on level 9 of the Dungeon)
 29058 | Snake:1  | Identified the cursed +0 buckler of Ashenzari's Burden
                  | {Range, Self} (You took it off a gnoll sergeant on level 6
                  | of the Dungeon)
 29203 | Snake:1  | Reached skill level 14 in Dodging
 29812 | Snake:2  | Identified the +7 falchion "Sekhlemai" {freeze, Dex+2}
 29825 | Snake:2  | Upgraded the game from 0.30.1-1-g62c8e00024 to
                  | 0.30.1-3-gfc49f6343a
 29931 | Snake:2  | Reached skill level 15 in Dodging
 30520 | Snake:2  | Reached skill level 16 in Dodging
 31480 | Snake:3  | Found an ornate altar of the Wu Jian Council.
 31584 | Snake:3  | Reached XP level 18. HP: 125/151 MP: 0/0
 31761 | Snake:4  | Entered Level 4 of the Snake Pit
 31768 | Snake:4  | Found a shimmering altar of Xom.
 31982 | Snake:4  | Reached skill level 5 in Shields
 32277 | Snake:4  | Found Gattutod's Jewellery Boutique.
 32289 | Snake:4  | Found Izau's Assorted Antiques.
 32294 | Snake:4  | Bought an ebony mace for 256 gold pieces
 32294 | Snake:4  | Identified the +8 mace of Lucs {protect, Fragile Will+
                  | Int+9} (You bought it in a shop on level 4 of the Snake
                  | Pit)
 33310 | Snake:4  | HP: 4/148 [salamander tyrant/flame surge (50)]
 33675 | Snake:4  | Got a serpentine rune of Zot
 34174 | Shoals:1 | Entered Level 1 of the Shoals
 34244 | Shoals:1 | Found a flickering gateway to a bazaar.
 34283 | Bazaar   | Entered a bazaar
 34283 | Bazaar   | Found Gibuiler's Antique Weapon Shop.
 34299 | Bazaar   | Found Ydyice Wetat's General Store.
 34307 | Bazaar   | Bought a potion of heal wounds for 45 gold pieces
 34325 | Bazaar   | Found Kikul's Antique Armour Shop.
 34353 | Bazaar   | Bought a potion of brilliance for 36 gold pieces
 34353 | Bazaar   | Bought a potion of brilliance for 36 gold pieces
 34542 | Shoals:1 | Reached skill level 10 in Shields
 34568 | Shoals:1 | Reached XP level 19. HP: 133/154 MP: 0/0
 34568 | Shoals:1 | Learned a level 7 spell: Malign Gateway
 35284 | Shoals:2 | Identified the +6 falchion of Qego {heavy, *Rage Str+3
                  | Stlth+}
 37140 | Shoals:4 | Entered Level 4 of the Shoals
 37334 | Shoals:4 | Identified the ring "Egoohaw" {Int+6 Dex+7}
 37394 | Shoals:4 | Found Suelonis's General Store.
 37586 | Shoals:4 | Noticed Polyphemus
 37611 | Shoals:4 | Killed Polyphemus
 37746 | Shoals:4 | Noticed Nikola
 37756 | Shoals:4 | Killed Nikola
 37841 | Shoals:4 | Reached XP level 20. HP: 126/162 MP: 0/0
 37992 | Shoals:4 | Got a barnacled rune of Zot
 38982 | Elf:1    | Entered Level 1 of the Elven Halls
 39117 | Elf:1    | Noticed a Hell Sentinel
 39239 | Elf:1    | Identified the +10 arbalest "Zarullo" {heavy, Fly Str+3}
 39314 | Elf:1    | Reached skill level 17 in Dodging
 39335 | Elf:1    | Found Uzu Ynib's Assorted Antiques.
 39343 | Elf:1    | Bought a scroll of blinking for 292 gold pieces
 39875 | Elf:2    | Identified the +7 mace of the Mind {holy, rElec Str+9 Dex-3
                  | Stlth-}
 39878 | Elf:2    | Noticed Oluguuw's ghost (veteran MiGl)
 39899 | Elf:2    | Found a runed translucent gate.
 39899 | Elf:2    | Found a runed translucent gate.
 39900 | Elf:2    | Found a runed translucent gate.
 40017 | Elf:2    | Identified the cursed +0 kite shield of the Fated Adversity
                  | {reflect, Self, Fort} (You took it off a naga warrior on
                  | level 2 of the Snake Pit)
 40040 | Elf:2    | Paralysed by an air elemental for 1 turns
 40088 | Elf:2    | Found a huge runed translucent gate.
 40089 | Elf:2    | Found a huge runed translucent gate.
 40090 | Elf:2    | Found a huge runed translucent gate.
 40091 | Elf:2    | Found a huge runed translucent gate.
 40091 | Elf:2    | Found a huge runed translucent gate.
 40181 | Elf:2    | Found Cubra's Assorted Antiques.
 40183 | Elf:2    | Found Alodut's Antique Armour Boutique.
 40185 | Elf:2    | Found Gimooreq's Antique Armour Shop.
 40197 | Elf:2    | Bought a heavily runed helmet for 332 gold pieces
 40197 | Elf:2    | Identified the +1 helmet of Atheism {MP+9 Int+5} (You
                  | bought it in a shop on level 2 of the Elven Halls)
 40201 | Elf:2    | Bought an ancient long sword for 238 gold pieces
 40201 | Elf:2    | Identified the +2 long sword "Ucsogec" {flame, rPois Str+3
                  | Dex+2} (You bought it in a shop on level 2 of the Elven
                  | Halls)
 41607 | Depths:1 | Entered Level 1 of the Depths
 41756 | Depths:1 | Found a shadowy altar of Dithmenos.
 41934 | Depths:1 | Reached XP level 21. HP: 158/168 MP: 0/0
 41934 | Depths:1 | Learned a level 7 spell: Dragon Form
 42107 | Depths:1 | Reached skill level 15 in Armour
 42486 | Depths:1 | Found a gateway to Hell.
 42689 | Depths:1 | Identified the +2 robe of Circular Logic {Harm rF++ Str-2}
 42923 | Depths:2 | Found a transporter.
 43098 | Depths:2 | Found a transporter.
 43312 | Depths:2 | Found a one-way gate leading to the halls of Pandemonium.
 43407 | Depths:2 | Found Aguatz's Antique Armour Boutique.
 43439 | Depths:2 | Noticed Aizul
 43458 | Depths:2 | Killed Aizul
 43600 | Depths:2 | Found Zaarph's Assorted Antiques.
 43681 | Depths:2 | Found Ogga's Book Shoppe.
 44145 | Depths:2 | Bought a bloodstained troll leather armour for 740 gold
                  | pieces
 44145 | Depths:2 | Identified the +1 troll leather armour of Noughts and
                  | Crosses {Regen+ Str+5 Int+6} (You bought it in a shop on
                  | level 2 of the Depths)
 44230 | Depths:2 | Identified the ring "Miratz" {Fly rPois rN+ Str+2}
 44231 | Depths:2 | Identified the +9 spear of Butchery {freeze, rC+ Dex+7}
 44233 | Depths:2 | Found a viscous altar of Jiyva.
 44521 | Depths:3 | Found a one-way gate to the infinite horrors of the Abyss.
 44834 | Depths:3 | Found a sparkling altar of Nemelex Xobeh.
 45176 | Depths:3 | Reached XP level 22. HP: 125/175 MP: 0/0
 45316 | Depths:3 | Identified the Codex of Enchantment
 45401 | Depths:4 | Entered Level 4 of the Depths
 45446 | Hell     | Entered the Vestibule of Hell
 45446 | Hell     | Noticed Geryon
 45842 | Depths:4 | Noticed a golden dragon
 45851 | Depths:4 | Killed a golden dragon
 46126 | Depths:4 | Reached skill level 15 in Shields
 46483 | Depths:4 | Noticed a golden dragon
 46503 | Depths:4 | Killed a golden dragon
 46558 | Depths:4 | Found a one-way gateway to a ziggurat.
 46697 | Depths:4 | Found a gate to the Realm of Zot.
 47001 | Depths:4 | HP: 7/176 [fire giant/+2 great sword of flaming (7)]
 47376 | Vaults:1 | Entered Level 1 of the Vaults
 48136 | Vaults:1 | Reached XP level 23. HP: 177/182 MP: 0/0
 48136 | Vaults:1 | Learned a level 7 spell: Enfeeble
 48478 | Vaults:1 | Reached ***** piety under Ashenzari
 48578 | Vaults:1 | Identified the cursed +0 cloak of the Lashed Mistrust
                  | {Self, Range} (You took it off Nikola on level 4 of the
                  | Shoals)
 49232 | Vaults:2 | Reached skill level 10 in Evocations
 49459 | Vaults:2 | Identified the +0 robe "Muosiped" {Int+6}
 49460 | Vaults:2 | Identified the +1 helmet of the Louse {rElec rC+ Will+
                  | rCorr}
 49624 | Vaults:2 | Found Tuny's Book Boutique.
 50596 | Vaults:3 | Identified the +0 scale mail of the Okapi {rF+ MP+9}
 51088 | Vaults:3 | Found a staircase to the Crypt.
 51773 | Vaults:4 | Reached XP level 24. HP: 164/198 MP: 0/0
 51930 | Vaults:4 | Noticed Frederick
 51945 | Vaults:4 | Killed Frederick
 52007 | Vaults:4 | Identified the cursed +2 pair of gloves "Lethargy of
                  | Ashenzari" {Melee, Self} (You found it on level 1 of the
                  | Depths)
 52058 | Vaults:4 | Found Vuakh's Armour Boutique.
 52266 | Vaults:4 | Reached skill level 15 in Evocations
 52293 | Vaults:4 | Identified the amulet of the Moon {Faith Fly Regen+}
 53556 | Depths:2 | Bought a crystal rapier for 225 gold pieces
 53556 | Depths:2 | Identified the +2 rapier "Yvaac" {heavy, *Corrode rPois
                  | Dex+4 Stlth+} (You bought it in a shop on level 2 of the
                  | Depths)
 53846 | Crypt:1  | Entered Level 1 of the Crypt
 53846 | Crypt:1  | Identified the +5 scale mail "Leuxiaq" {rElec rPois Stlth+}
 54942 | Crypt:2  | Reached skill level 1 in Unarmed Combat
 55306 | Crypt:2  | Reached skill level 15 in Spellcasting
 55569 | Crypt:3  | Entered Level 3 of the Crypt
 55594 | Crypt:3  | Reached XP level 25. HP: 206/214 MP: 0/0
 55594 | Crypt:3  | Learned a level 8 spell: Lehudib's Crystal Spear
 55650 | Crypt:3  | Identified the ring of Xulenum {Ice Dex+5}
 55650 | Crypt:3  | Identified the staff of air "Zucias" {rElec rPois rC++
                  | rCorr Dex-3}
 55650 | Crypt:3  | Identified the ring of Xom's Sleight of Hands {*Corrode rN+
                  | Str+7 SInv}
 55650 | Crypt:3  | Identified the ring "Zosuquhu" {rN+ Dex+2}
 55650 | Crypt:3  | Identified the ring "Noerph" {rPois rN+ Int+3}
 55652 | Crypt:3  | Identified the +1 pair of gloves of Starshine {Str+2}
 56226 | Crypt:3  | Noticed Margery
 56235 | Crypt:3  | Killed Margery
 56508 | Crypt:3  | Found a staircase to the Tomb.
 56588 | Crypt:3  | Noticed a curse toe
 56863 | Crypt:3  | Killed a curse toe
 57032 | Crypt:3  | Noticed an ancient lich
 57109 | Crypt:3  | Killed an ancient lich
 57589 | D:14     | Killed Roxanne
 57985 | Elf:2    | Killed Oluguuw's ghost
 58047 | Elf:3    | Entered Level 3 of the Elven Halls
 58117 | Elf:3    | Found a magical portal.
 58141 | WizLab   | Entered Maxwell's Workshop
 58438 | WizLab   | Reached skill level 5 in Unarmed Combat
 58837 | WizLab   | Identified the +6 shortbow of Might {freeze, rC- Will+
                  | Str+6}
 58873 | WizLab   | Identified the +2 double sword "Gobo" {flame, rF+++ rC+++
                  | Int-3 Dex-5}
 58985 | Elf:3    | Found a runed translucent gate.
 58990 | Elf:3    | Found a runed translucent gate.
 58990 | Elf:3    | Found a runed translucent gate.
 58990 | Elf:3    | Found Niysade's Distillery.
 58990 | Elf:3    | Identified the +0 war axe of the Hidden Vale {heavy, *Slow
                  | rElec rPois Int+2}
 58990 | Elf:3    | Noticed Taurus's ghost (adept MiFi)
 59007 | Elf:3    | Bought a potion of heal wounds for 55 gold pieces
 59466 | Elf:3    | Paralysed by an air elemental for 1 turns
 60336 | Elf:3    | Identified the +3 great sword "Fitisuna" {freeze, Contam
                  | rF+++ rC+ rN+}
 60336 | Elf:3    | Identified the ring of Intoeh {rF+ rC+ rN+ SInv}
 60416 | Elf:3    | Reached XP level 26. HP: 215/221 MP: 0/0
 60423 | Elf:3    | Identified the ring of the Mackerel {rElec Dex+6}
 60699 | Elf:3    | Identified the +0 ring mail "Qiughosi" {Rampage rPois rN+}
 60747 | Elf:3    | Found the +27 heavy crossbow "Sniper" {heavy, Acc+∞ SInv}
 60748 | Elf:3    | Identified the Incunabulum of Stones
 60780 | Elf:3    | Identified the staff of cold "Qumm" {rC+ Str+3 Dex+3}
 60782 | Elf:3    | Identified the +6 falchion of the Wizarding Viper {venom,
                  | rElec Str+3 SInv}
 60785 | Elf:3    | Identified the +7 arbalest of the Stoat {flame, Will+}
 61337 | Vaults:5 | Entered Level 5 of the Vaults
 62388 | Vaults:5 | Noticed a dread lich
 62396 | Vaults:5 | Killed a dread lich
 62552 | Vaults:5 | Identified the +3 plate armour of Datot {Rampage rElec}
 62602 | Vaults:5 | Identified the ring "Wialabb" {rElec rPois Int+6 Slay+3}
 63005 | Vaults:5 | Reached XP level 27. HP: 212/228 MP: 0/0
 63005 | Vaults:5 | Learned a level 9 spell: Fire Storm
 63093 | Vaults:5 | Identified the +8 great sword "Tiluihog" {flame, Int+3}
 63102 | Vaults:5 | Identified the +2 scale mail of Pyut {rF++}
 63241 | Vaults:5 | Identified the +4 rapier of Dominance {heavy, SInv Stlth+}
 63242 | Vaults:5 | Identified the staff of poison "Daexzehoo" {rPois rC- rN+
                  | Str+2 SInv}
 63242 | Vaults:5 | Identified the staff of cold "Itsoc" {rC+ rN+ Int+3}
 63447 | Vaults:5 | Noticed an ancient lich
 63452 | Vaults:5 | Killed an ancient lich
 63566 | Vaults:5 | Got a silver rune of Zot
 63822 | Vaults:5 | Found Quigug's Antique Weapon Boutique.
 64382 | Hell     | Killed Geryon
 64502 | Hell     | Gained mutation: You are dopey. (Int -2) [a cacodemon]
 64751 | Hell     | Found a gateway to the ashen valley of Gehenna.
 64888 | Hell     | Found a gateway to the Iron City of Dis.
 65019 | Hell     | Found a gateway to the freezing wastes of Cocytus.
 65108 | Hell     | Found a gateway to the decaying netherworld of Tartarus.
 65231 | Zot:1    | Entered Level 1 of the Realm of Zot
 65876 | Zot:1    | Noticed an orb of fire
 65891 | Zot:1    | Killed an orb of fire
 65971 | Zot:1    | Identified the +3 war axe "Boas" {pain, MP-9 Str-3 Int+3
                  | Dex+4}
 66509 | Zot:2    | Identified the +5 dire flail of Horucov {protect, rC+
                  | Will+}
 67743 | Zot:3    | Identified the +9 spear "Hipovome" {drain, Fragile rElec
                  | rCorr SInv}
 67775 | Zot:3    | Noticed an orb of fire
 67776 | Zot:3    | Gained mutation: You occasionally lose the ability to drink
                  | potions when taking damage. [an orb of fire]
 67778 | Zot:3    | Killed an orb of fire
 67831 | Zot:3    | Identified the Octavo of The Black Sun
 70329 | Zot:4    | Reached skill level 18 in Dodging
 70386 | Zot:4    | Noticed Parghit
 70392 | Zot:4    | Killed Parghit
 70606 | Zot:4    | Reached skill level 19 in Dodging
 71142 | Zot:4    | Noticed an orb of fire
 71149 | Zot:4    | Killed an orb of fire
 71820 | Zot:5    | Entered Level 5 of the Realm of Zot
 71854 | Zot:4    | Reached skill level 20 in Dodging
 71937 | Zot:5    | Identified the +4 arbalest "Killer Bee's Bane" {drain, rC+}
 72315 | Zot:5    | Noticed an ancient lich
 72321 | Zot:5    | Killed an ancient lich
 72321 | Zot:5    | Noticed an ancient lich
 72322 | Zot:5    | Reached skill level 21 in Dodging
 72337 | Zot:5    | Killed an ancient lich
 72400 | Zot:5    | Noticed an ancient lich
 72404 | Zot:5    | Killed an ancient lich
 72455 | Zot:5    | Noticed a dread lich
 72465 | Zot:5    | Killed a dread lich
 72467 | Zot:5    | Noticed a Killer Klown
 72476 | Zot:5    | Killed a Killer Klown
 72531 | Zot:5    | Reached skill level 22 in Dodging
 72551 | Zot:5    | Noticed an orb of fire
 72555 | Zot:5    | Killed an orb of fire
 72703 | Zot:5    | Noticed an ancient lich
 72707 | Zot:5    | Killed an ancient lich
 72815 | Zot:5    | Noticed an orb of fire
 72817 | Zot:5    | Gained mutation: You sometimes lose the ability to drink
                  | potions when taking damage. [an orb of fire]
 72819 | Zot:5    | Killed an orb of fire
 72850 | Zot:5    | Noticed a dread lich
 72851 | Zot:5    | Killed a dread lich
 72880 | Zot:5    | Found the +8 whip "Snakebite" {venom, curare, rPois}
 72881 | Zot:5    | Noticed an ancient lich
 72906 | Zot:5    | Killed an ancient lich
 72937 | Zot:5    | Noticed a Killer Klown
 72950 | Zot:5    | Killed a Killer Klown
 73453 | Slime:1  | Entered Level 1 of the Pits of Slime
 73638 | Slime:3  | Gained mutation: Your spells are a little easier to cast,
                  | but a little less powerful. [a shining eye]
 73773 | Slime:5  | Entered Level 5 of the Pits of Slime
 74412 | Slime:5  | Noticed the Royal Jelly
 74433 | Slime:5  | Killed the Royal Jelly
 74456 | Slime:5  | Identified the ring "Pepuudgh" {rF+ rCorr SInv}
 74457 | Slime:5  | Identified the +11 chain mail of Usepenef {rF+}
 74457 | Slime:5  | Identified the +4 spear "Memij" {vamp, rElec}
 74457 | Slime:5  | Identified the +0 pair of gloves of the Gnashing Gods
                  | {*Corrode +Inv Regen+ Int+3}
 74457 | Slime:5  | Identified the ring "Zoynykkyily" {Fire Will+}
 74457 | Slime:5  | Identified the ring "Ymouchash" {Fly rCorr Dex-5 Slay+2
                  | SInv}
 74461 | Slime:5  | Identified the Compendium of Loathsome Reformation
 74461 | Slime:5  | Identified the +6 scale mail of Jigsaw {rElec Str-3 Int-4
                  | Dex+4 SInv}
 74465 | Slime:5  | Identified the +10 spear "Cowkin" {heavy, Will+ Int-3 SInv}
 74470 | Slime:5  | Found the +8 frozen axe "Frostbite" {freeze, freezing
                  | cloud, *Noise Fly rC+}
 74530 | Slime:5  | Identified the +2 ring mail "Zaipah" {*Corrode Str+5 SInv}
 74576 | Slime:5  | Got a slimy rune of Zot
 74995 | D:15     | Lost mutation: Your spells are a little easier to cast, but
                  | a little less powerful. [potion of mutation]
 74995 | D:15     | Lost mutation: You sometimes lose the ability to drink
                  | potions when taking damage. [potion of mutation]
 74995 | D:15     | Lost mutation: You are dopey. (Int -2) [potion of mutation]
 74995 | D:15     | Gained mutation: Your muscles are strong. (Str +4, Int/Dex
                  | -1) [potion of mutation]
 74995 | D:15     | Gained mutation: Your spells are a little harder to cast,
                  | but a little more powerful. [potion of mutation]
 75199 | Shoals:4 | Bought a potion of mutation for 112 gold pieces
 75199 | Shoals:4 | Bought a scroll of teleportation for 42 gold pieces
 75418 | Elf:3    | Bought a potion of mutation for 88 gold pieces
 75418 | Elf:3    | Bought a potion of mutation for 88 gold pieces
 75418 | Elf:3    | Bought a potion of brilliance for 44 gold pieces
 75468 | Elf:3    | Killed Taurus's ghost
 75738 | Depths:2 | Bought a potion of mutation for 200 gold pieces
 75738 | Depths:2 | Bought a potion of mutation for 200 gold pieces
 76031 | Snake:4  | Bought a potion of haste for 320 gold pieces
 76031 | Snake:4  | Bought a phial of floods for 1280 gold pieces
 76462 | Depths:3 | Voluntarily entered the Abyss.
 76483 | Abyss:2  | Found a corrupted altar of Lugonu.
 76649 | Abyss:2  | Reached skill level 10 in Stealth
 76792 | Abyss:3  | Found a corrupted altar of Lugonu.
 76931 | Abyss:3  | Found a corrupted altar of Lugonu.
 76939 | Abyss:3  | Found a corrupted altar of Lugonu.
 77296 | Abyss:3  | Got an abyssal rune of Zot
 77342 | Depths:3 | Escaped the Abyss
 77402 | Geh:1    | Entered Level 1 of Gehenna
 77483 | Geh:1    | Noticed an ancient lich
 77485 | Geh:1    | Killed an ancient lich
 79545 | Geh:5    | Reached skill level 23 in Dodging
 80012 | Geh:7    | Entered Level 7 of Gehenna
 80202 | Geh:7    | Killed from afar by a hellion

Illustrated notes

Levels and vault maps discovered:
D:1:      wander_arrival_estate, layout_basic
D:2:      layout_rooms, serial_bayou_lagoon_a, kennysheep_minor_cross,
          minivault_23, minmay_misc_feat_diagonals, minivault_5,
          amcnicky_mini_corridor_feature, minmay_misc_feat_tiny
D:3:      layout_loops_ring, serial_shops, nicolae_shop_advertising_works
          [nicolae_subvault_shop_adworks], uniq_sigmund, uniq_grinder
D:4:      layout_basic, item_on_display_a
D:5:      layout_rooms, serial_curves, eino_curves_02, eino_curves_01,
          nicolae_ossuary_entry_monument, nicolae_shop_clearance
D:6:      layout_loops_cross
D:7:      layout_basic, minmay_temple_entry_stoned_glass, serial_shops,
          nicolae_stop_n_shop_1, shop, nicolae_shop_tiny_waterfront, shop
D:8:      layout_cave_pools, minmay_crossroads
D:9:      wad_crossroads, layout_basic, special_room [special_room_orc],
          grunt_ministairs_10
D:10:     layout_loops_ring, nicolae_wu_jian_immortal_techniques,
          grunt_livestock, uniq_fannar, uniq_maurice, uniq_erica
D:11:     layout_loops_ring, lair_entry_dummy
D:12:     layout_loops_corners, zombieorc1_lemuel, lemuel_freeze_loot_1
D:13:     layout_basic, david_vaults_4, uniq_josephine, uniq_azrael
D:14:     layout_stronghold, gauntlet_entry_generic, serial_shops, shop,
          abandoned_shop, nicolae_looking_at_the_future, uniq_roxanne
D:15:     grunt_enter_depths_magical_seal, layout_gridville, dk_noncrumbling_3,
          tgw_fedhas
Temple:   roderic_octagonal_lattice_temple
Lair:1:   layout_regular_city, cheibrodos_lair_caveside_slide,
          infiniplex_staircase_pool_2, grunt_megastairs_5
Lair:2:   layout_misc_corridors, minmay_shoals_entry_beasts, dummy_snake_entry,
          dreamdust_wasp_nest, serial_bayou_shore_b
Lair:3:   layout_concentric_octagons, lemuel_fruit_tree, uniq_gastronok
Lair:4:   layout_loops_ring, serial_bayou_shore_a, lemuel_fruit_fields,
          lemuel_fruit_fields, uniq_snorg, uniq_rupert
Lair:5:   cheibrodos_lair_end_hotspot, layout_hall_layers,
          minmay_slime_entry_oklob_enclosed
Shoals:1: layout_shoals, serial_shops, bzr_entry_customers
Shoals:2: layout_shoals
Shoals:3: layout_shoals, nicolae_shoals_lost_giant_amphitheater,
          nicolae_shoals_seven_spires, nicolae_shoals_shepherds
Shoals:4: shoals_end_grunt_ice, layout_shoals, serial_shops,
          nicolae_shop_tiny_real_fake_doors, uniq_nikola, uniq_polyphemus
Snake:1:  layout_grid_maze, serial_shops, shop, nicolae_snake_bzzzt
Snake:2:  layout_grid_shapes, guppyfry_snake_island
Snake:3:  layout_cave_town, basic_altar, minmay_snake_pond
Snake:4:  snake_pit_salamanders_mu, layout_chambers, serial_shops,
          nicolae_shop_rolling_square, shop, drop_trap, lemuel_altar_in_water2
Slime:1:  cheibrodos_slime_lost_civilization_10, layout_caves,
          nicolae_slime_phagocytosis
Slime:2:  layout_caves, cheibrodos_slime_lost_civilization_4
Slime:3:  layout_caves
Slime:4:  layout_caves
Slime:5
Orc:1:    hellmonk_paralyzer, layout_diamond_mine, serial_shops,
          nicolae_diamond_shop
Orc:2:    st_orc_open, layout_caves, serial_shops, nicolae_shop_statue_plus,
          nicolae_shop_tiny_statue_garden, shop, shop,
          nicolae_shop_tiny_waterfront, led_sif_book
Elf:1:    minmay_elf_arrival_plus, layout_geoelf_octagon, serial_shops,
          nicolae_shop_tiny_real_fake_doors, kennysheep_underground_church
Elf:2:    elven_hall_of_blades_hangedman_alternative [grunt_blade_entry_basic],
          layout_gridlike, gammafunk_ghost_split, minmay_shop_star
Elf:3:    elf_hall_gauntlet_wide, layout_loops_corners, gammafunk_ghost_split,
          infiniplex_enter_wizlab_glasses, serial_shops, shop,
          palyth_stone_intersect, nicolae_elf_crossing_hall
Vaults:1: grunt_vaults_twisty, nicolae_vaults_diffraction_hallways,
          nicolae_vaults_offset_grid_hallway_1,
          nicolae_vaults_storage_room_glass, nicolae_vaults_trapezoid_1,
          nicolae_vaults_trapezoid_lopsided_4, layout_vaults_omnigrid
Vaults:2: vaults_dpeg_encased_lava, v_pattern_5, v_rooms_4,
          hangedman_vaults_nails, nicolae_vaults_mini_display_case,
          vaults_room_fours, v_alt_pattern_4, nicolae_vaults_weapon_check,
          nicolae_vaults_prndl, layout_vaults_ring, serial_shops,
          nicolae_shop_stone
Vaults:3: nicolae_vaults_storage_closets_1, nicolae_vaults_meiosis,
          nicolae_vaults_wine_cellar, nicolae_vaults_trapezoid_4,
          dpeg_vaults_waves, minmay_crypt_entry_simple_box,
          ontoclasm_vaults_ring_square, vaults_mumra_hexcomb,
          nicolae_vaults_what_the_h, ontoclasm_vaults_pinch,
          hangedman_vaults_maws, layout_vaults_big_cross
Vaults:4: hangedman_vaults_stagger, nicolae_vaults_taking_the_gang_shopping,
          vaults_mumra_chevron, nicolae_vaults_little_squares_2,
          nicolae_vaults_network_barrier, nicolae_vaults_trapezoid_1, st_cross,
          hangedman_vaults_pinch, v_alt_pattern_3, dpeg_vaults_monster_row,
          vaults_standard_mumra_enter_the_diamond, vaults_dpeg_hooks,
          layout_vaults_maze_bifur, uniq_frederick
Vaults:5: serial_shops
Crypt:1:  layout_basic, basic_altar
Crypt:2:  layout_rooms
Crypt:3:  david_glass_crypt, layout_chaotic_city,
          nicolae_tomb_entry_unfolded_pyramid_orthogonal, uniq_margery
Depths:1: layout_cross, hellmouth_3, nicolae_dithmenos_shadow_blocks
Depths:2: gammafunk_jiyva_shrine, layout_gridville, hell_entry, serial_shops,
          nicolae_shop_just_a_little_nook, nicolae_shop_tiny_real_fake_doors,
          nicolae_shop_tiny_waterfront, grunt_pan_entry_sceptre,
          serial_bayou_shore_b, uniq_aizul
Depths:3: minmay_box_of_statues, layout_basic, corexii_leaking_fountain,
          abyss_entry, pan_entry, hell_entry, nemelex_spade_bored_becter
Depths:4: evilmike_zot_entry_basic, layout_long_grid, enter_ziggurat_f,
          grunt_hell_entry_dis_old, abyss_entry_crystal, glass_columns_b,
          minmay_misc_feat_secret_circle, hangedman_stitches_earthworm
Hell
Geh:1:    layout_gehenna_pools_triple, hangedman_elemental_grid_stream
Geh:2:    layout_gehenna_lava_caves
Geh:3:    layout_gehenna_lava_caves
Geh:4:    layout_gehenna_pools_triple, hangedman_elemental_grid_stream
Geh:5:    layout_gehenna_pools_basic, lemuel_hellion_isle
Geh:6:    layout_gehenna_pools_box
Geh:7:    geh_mu
Zot:1:    kennysheep_oblong_rooms, layout_twisted_circle
Zot:2:    kennysheep_ambush_hall, layout_twisted_circle, zot_minivault_8
Zot:3:    dreamdust_black_sun_cult, layout_gridville, st_stairs_4
Zot:4:    lemuel_firehouse, layout_cathedral_of_symmetry, st_stairs_4,
          uniq_parghit
Zot:5:    layout_basic

Skill      XL: |  1  2  3  4  5  6  7  8  9 10 11 12 13 14 15 16 17 18 19 20 21 22 23 24 25 26 27 |
---------------+----------------------------------------------------------------------------------+-----
Fighting       | 1 2 3 4 5 7 9 10 12 14 16 17 18 19 21 22 | 22.4
Spellcasting   | 4 5 6 7 9 10 11 12 13 14 15 16 18 22 | 22.4
Dodging        | 4 9 13 16 17 23 | 23.7
Armour         | 1 9 11 14 17 18 21 | 21.8
Shields        | 3 4 10 13 14 17 | 17.6
Evocations     | 2 9 14 15 | 15.0
Stealth        | 2 5 6 7 12 | 12.3
Unarmed Combat | 3 7 |  7.7

Action                     |  1- 3 |  4- 6 |  7- 9 | 10-12 | 13-15 | 16-18 | 19-21 | 22-24 | 25-27 || total
---------------------------+-------+-------+-------+-------+-------+-------+-------+-------+-------++-------
  Melee: Dagger            |    15 |    23 |   176 |    12 |       |       |       |       |       ||   226
         Headbutt          |     2 |     1 |     2 |       |       |       |       |       |       ||     5
         Short sword       |       |    31 |    95 |   105 |   147 |   155 |       |       |       ||   533
         Punch             |       |     3 |     7 |       |       |     3 |     5 |     6 |     3 ||    27
         Unarmed           |       |       |       |       |       |   197 |   248 |   315 |    15 ||   775
         Mace              |       |       |       |       |       |    11 |    37 |    53 |    19 ||   120
         Tailslap          |       |       |       |       |       |       |    12 |    14 |       ||    26
         Bite              |       |       |       |       |       |       |    12 |    10 |       ||    22
  Throw: Dart              |       |       |     9 |     6 |     1 |       |       |       |       ||    16
   Cast: Freeze            |    56 |    28 |    14 |     4 |     3 |     9 |       |       |     3 ||   117
         Beastly Appendage |     5 |     1 |     3 |       |       |       |       |       |       ||     9
         Ozocubu's Armour  |       |     2 |    19 |    15 |     6 |     1 |     1 |       |       ||    44
         Frozen Ramparts   |       |     1 |    28 |    59 |    47 |    21 |     1 |     1 |       ||   158
         Tukima's Dance    |       |       |    12 |    30 |    41 |    18 |       |       |       ||   101
         Summon Ice Beast  |       |       |     9 |    50 |    49 |    13 |     1 |       |       ||   122
         Gell's Gravitas   |       |       |     3 |     8 |     6 |       |    14 |       |       ||    31
         Sticky Flame      |       |       |       |    59 |   138 |    85 |    12 |     9 |     5 ||   308
         Summon Forest     |       |       |       |       |    52 |    71 |    57 |    46 |    10 ||   236
         Starburst         |       |       |       |       |     6 |   110 |   180 |   289 |    71 ||   656
         Storm Form        |       |       |       |       |       |    24 |    51 |    45 |     8 ||   128
         Malign Gateway    |       |       |       |       |       |       |    32 |    24 |    18 ||    74
         Dragon Form       |       |       |       |       |       |       |     4 |     3 |       ||     7
         Enfeeble          |       |       |       |       |       |       |       |     4 |     1 ||     5
         Lehudib's Crystal |       |       |       |       |       |       |       |       |  1061 ||  1061
         Fire Storm        |       |       |       |       |       |       |       |       |   109 ||   109
 Invoke: Curse Item        |       |       |       |     3 |     3 |     1 |     2 |     3 |     2 ||    14
         Shatter the Chain |       |       |       |       |       |     2 |     2 |     1 |     3 ||     8
Ability: Blinkbolt         |       |       |       |       |       |     8 |    27 |    29 |     5 ||    69
         End Transformatio |       |       |       |       |       |     2 |       |       |       ||     2
  Evoke: Wand              |       |       |       |       |     2 |       |       |     2 |     4 ||     8
    Use: Scroll            |       |       |     4 |     7 |     5 |     2 |     1 |     2 |     8 ||    29
         Potion            |       |       |       |       |     1 |     2 |       |     3 |     1 ||     7
   Stab: Sleeping          |       |    10 |     8 |     3 |     1 |     5 |     2 |     3 |       ||    32
         Distracted        |       |       |       |       |     3 |     7 |     4 |     8 |     1 ||    23
         Paralysed         |       |       |       |       |       |       |     1 |       |       ||     1
         Invisible         |       |       |       |       |       |       |       |     1 |       ||     1
 Armour: Robe              |    11 |    19 |    82 |       |       |       |       |       |       ||   112
         Steam dragon scal |       |       |       |    33 |       |       |       |       |       ||    33
         Acid dragon scale |       |       |       |     8 |       |       |       |       |       ||     8
         Troll leather arm |       |       |       |    14 |   116 |    70 |    20 |    26 |    48 ||   294
         Skin              |       |       |       |       |       |    64 |   116 |    86 |    19 ||   285
  Dodge: Dodged            |    37 |    49 |   175 |   115 |   255 |   722 |   517 |   545 |   426 ||  2841
  Block: Buckler           |       |       |     7 |    31 |    61 |    79 |    14 |       |       ||   192
         Kite shield       |       |       |       |       |       |       |    52 |   103 |   286 ||   441
         Reflection        |       |       |       |       |       |       |    17 |     9 |    29 ||    55
